 Dungeon Crawl Stone Soup version 0.18-b1-2-gd0c887e (webtiles) character file.

416 RudyRod the Firebug (level 6, -3/42 HPs)
             Began as a Demonspawn Fire Elementalist on Apr 28, 2016.
             Was a Follower of Vehumet.
             Slain by an orc warrior
             ... wielding a +0 war axe
              (10 damage)
             ... on level 4 of the Dungeon.
             The game lasted 00:37:20 (4887 turns).

RudyRod the Firebug (Demonspawn Fire Elementalist)  Turns: 4887, Time: 00:37:20

Health: -3/42      AC: 16    Str:  8    XL:     6   Next: 60%
Magic:  3/12       EV:  7    Int: 19    God:    Vehumet [*.....]
Gold:   107        SH:  0    Dex: 13    Spells: 3 memorised, 7 levels left

rFire  + . .     SeeInvis .     x - +2 mace (protect)
rCold  . . .     Gourm    .     y - +1 leather armour
rNeg   . . .     Faith    .     (no shield)
rPois  .         Spirit   .     (no helmet)
rElec  .         Dismiss  .     w - +0 cloak
rCorr  .         Reflect  .     n - +0 pair of gloves
SustAt .         Harm     .     (no boots)
MR     .....                    (no amulet)
Stlth  ++........               k - ring of flight
                                f - +5 ring of protection

@: not resistant to hostile enchantments, unstealthy
A: fire resistance 1, spiny 1
a: Renounce Religion, Evoke Flight


You were on level 4 of the Dungeon.
You worshipped Vehumet.
Vehumet was aware of your devotion.
You were not hungry.

You visited 1 branch of the dungeon, and saw 4 of its levels.

You collected 272 gold pieces.
You spent 165 gold pieces at shops.

Inventory:

Hand Weapons
 e - a -2 dagger
 q - a +1 whip of freezing
 v - a +4 quarterstaff of chaos
 x - a +2 mace of protection (weapon)
 E - a +1 short sword of venom
 F - a +2 hand axe of chopping
Armour
 a - a +0 robe
 d - a +0 cloak
 n - a +0 pair of gloves (worn)
 p - a +0 robe
 w - a +0 cloak (worn)
 y - a +1 leather armour (worn)
Jewellery
 f - a +5 ring of protection (left hand)
 k - a ring of flight (right hand)
 H - an uncursed ring of ice
Wands
 o - a wand of acid (3/15)
Scrolls
 r - a scroll of remove curse
 A - 2 scrolls of teleportation
Potions
 g - a potion of degeneration {unknown}
 h - a potion of resistance {unknown}
 j - a potion of agility {unknown}
 l - a potion of invisibility {unknown}
 m - a potion of lignification {unknown}
 s - 3 potions of curing
 t - a potion of brilliance {unknown}
 C - a potion of might {unknown}
 D - a potion of haste {unknown}
Books
 b - a book of Flames

   Spells                             Type                      Level
   a - Flame Tongue                   Conjuration/Fire             1
   b - Throw Flame                    Conjuration/Fire             2
   c - Conjure Flame                  Conjuration/Fire             3
   d - Inner Flame                    Hexes/Fire                   3
   e - Sticky Flame                   Conjuration/Fire             4
   f - Fireball                       Conjuration/Fire             5
 B - a book of Alchemy

   Spells                             Type                      Level
   a - Sublimation of Blood           Necromancy                   2
   b - Ignite Poison                  Fire/Transmutation/Poison    3
   c - Petrify                        Transmutation/Earth          4
   d - Alistair's Intoxication        Transmutation/Poison         5
   e - Irradiate                      Conjuration/Transmutation    5
Comestibles
 c - 2 bread rations
 i - 5 fruits
 u - a slice of pizza
 z - a beef jerky
 G - 3 meat rations


   Skills:
 + Level 0.6 Fighting
 + Level 0.1 Maces & Flails
 + Level 0.6 Armour
 + Level 2.2 Dodging
 + Level 2.3 Stealth
 + Level 4.0 Spellcasting
 + Level 2.8 Conjurations
 * Level 4.5 Fire Magic


You had 7 spell levels left.
You knew the following spells:

 Your Spells              Type           Power        Failure   Level  Hunger
a - Flame Tongue          Conj/Fire      ###..        4%          1    None
b - Throw Flame           Conj/Fire      ###...       10%         2    ##.....
c - Conjure Flame         Conj/Fire      ###.....     14%         3    ###....


Dungeon Overview and Level Annotations

Branches:
Dungeon (4/15)
 Temple: D:4-7

Altars:
Fedhas
Ru
Vehumet
The Shining One

Shops:
D:4 %

Annotations:
D:4 Sigmund


Innate Abilities, Weirdness & Mutations

Your flesh is heat resistant.
You are partially covered in sharp spines.


Message History

Your magical contamination has completely faded away.
Things that are here:
a dagger; a robe
Casting: Flame Tongue
Confirm with . or Enter, or press ? or * to list all spells.
Aiming: Flame Tongue
Press: ? - help, Shift-Dir - straight line, f/p - orc warrior
Aim: an orc warrior, wielding a war axe and wearing a plate armour (heavily wounded)
The flame tongue hits the orc warrior.
The orc warrior appears unharmed.
The orc warrior is heavily wounded.
The orc warrior hits you with a war axe!
* * * LOW HITPOINT WARNING * * *
Drink which item? (? for menu, Esc to quit)
Okay, then.
You see here 28 arrows.
You see here a war axe.
There is a stone staircase leading up here.
The orc warrior is struck by your spines.
The orc warrior hits you with a war axe!
You die...

# #......##..............# ##.# #
#.###..##.......##.###.# #.# #
#.# #.......##..##.# #.# #.# #.#
##.##.#.##..##.###.# #># ###.#
#.##r#.........##.# #.# ....#
.##.####.......#.# #.#
###......##.......#...##.######.#
#########.####..#.#...........#
#.....@o.......########
##########.##### #)# #.# #.# #.#
#.# #(# ## #.# ..


You could see an orc warrior.

Vanquished Creatures
  A phantom (D:4)
  Crazy Yiuf (D:3)
  A hound (D:4)
  2 orc priests
  An orc wizard (D:4)
  Jessica (D:2)
  Terence (D:2)
  5 adders
  An ooze (D:2)
  5 worms
  6 orcs
  4 giant cockroaches
  6 hobgoblins
  2 jackals (D:4)
  2 quokkas
  7 bats
  8 giant newts
  9 goblins
  A jackal zombie (D:4)
  5 kobolds
  8 rats
  3 fungi (D:3)
  A plant (D:1)
81 creatures vanquished.

Notes
Turn   | Place    | Note
--------------------------------------------------------------
     0 | D:1      | RudyRod the Demonspawn Fire Elementalist began the quest for the Orb.
     0 | D:1      | Reached XP level 1. HP: 13/13 MP: 3/3
   672 | D:1      | Gained mutation: You are partially covered in sharp spines. [demonic ancestry]
   672 | D:1      | Reached XP level 2. HP: 18/19 MP: 0/5
  1043 | D:2      | Noticed Jessica
  1049 | D:2      | Killed Jessica
  1049 | D:2      | Reached XP level 3. HP: 24/24 MP: 3/6
  1160 | D:2      | Learned a level 2 spell: Throw Flame
  1179 | D:2      | Noticed Terence
  1470 | D:2      | Killed Terence
  1470 | D:2      | Gained mutation: Your flesh is heat resistant. [demonic ancestry]
  1470 | D:2      | Reached XP level 4. HP: 25/30 MP: 4/8
  2199 | D:2      | Reached XP level 5. HP: 31/35 MP: 2/9
  2477 | D:3      | Noticed Crazy Yiuf
  2486 | D:3      | Killed Crazy Yiuf
  2865 | D:3      | Found a sacrificial altar of Ru.
  2865 | D:3      | Found a blossoming altar of Fedhas.
  2867 | D:3      | Found a glowing golden altar of the Shining One.
  3101 | D:3      | Found a radiant altar of Vehumet.
  3115 | D:3      | Became a worshipper of Vehumet
  3468 | D:3      | Learned a level 3 spell: Conjure Flame
  3881 | D:4      | Noticed an orc warrior
  3888 | D:4      | Found Utery's Food Boutique.
  4292 | D:4      | Reached XP level 6. HP: 42/42 MP: 7/11
  4740 | D:4      | Bought a meat ration for 50 gold pieces
  4740 | D:4      | Bought a slice of pizza for 15 gold pieces
  4740 | D:4      | Bought a meat ration for 50 gold pieces
  4740 | D:4      | Bought a meat ration for 50 gold pieces
  4748 | D:4      | Noticed Sigmund
  4761 | D:4      | Reached * piety under Vehumet
  4761 | D:4      | Offered knowledge of Sting by Vehumet.
  4887 | D:4      | Slain by an orc warrior

Skill      XL: |  1  2  3  4  5  6 |
---------------+-------------------+-----
Fire Magic     | 3 4 |  4.5
Dodging        | 2 |  2.2
Stealth        | 2 |  2.3
Spellcasting   | 3 4 |  4.0
Conjurations   | 2 |  2.8
Fighting       | |  0.6
Maces & Flails | |  0.1
Armour         | |  0.6

Action                   |  1- 3 |  4- 6 || total
-------------------------+-------+-------++-------
Melee: Dagger            |   138 |       ||   138
       Whip              |     6 |    27 ||    33
       Mace              |       |    36 ||    36
 Cast: Flame Tongue      |    42 |    52 ||    94
       Throw Flame       |       |    56 ||    56
       Conjure Flame     |       |     2 ||     2
  Use: Scroll            |     2 |    11 ||    13
       Potion            |     1 |       ||     1
  Eat: Chunk             |     2 |     6 ||     8
       Fruit             |       |     3 ||     3
       Bread ration      |       |     1 ||     1
       Pizza             |       |     1 ||     1
Armor: Robe              |     5 |     3 ||     8
       Leather armour    |       |     8 ||     8
Dodge: Dodged            |    16 |    19 ||    35
